 Dungeon Crawl Stone Soup version 0.28-a0-1213-g0243856f03 (webtiles) character file.

Game seed: 10197212593111389778

1189 ytrimaz the Insei (level 8, -3/62 HPs)
             Began as an Octopode Transmuter on Dec 21, 2021.
             Was an Initiate of Ashenzari.
             Slain by a killer bee (6 damage)
             ... on level 5 of the Dungeon.
             The game lasted 00:06:31 (7172 turns).

ytrimaz the Insei (Octopode Transmuter)             Turns: 7172, Time: 00:06:31

Health: -3/62      AC:  6    Str:  9    XL:     8   Next: 43%
Magic:  6/14       EV: 11    Int: 17    God:    Ashenzari [......]
Gold:   147        SH:  0    Dex: 13    Spells: 6/16 levels left

rFire   x . .      SeeInvis .     - Unarmed
rCold   + + +      Faith    .   (shield currently unavailable)
rNeg    . . .      Spirit   .   (helmet currently unavailable)
rPois   +          Reflect  .   (no amulet)
rElec   .          Harm     .   (no ring)
rCorr   .          Rampage  .   (no ring)
Will    .....                   (no ring)
Stlth   +.........              (no ring)
HPRegen 0.20/turn               (no ring)
MPRegen 0.14/turn               (no ring)
                                (no ring)
                                (no ring)

@: ice-form, wereblooded, hasted, very quick
A: freezing attack, boosted hp, almost no armour, amphibious, 8 rings, large,
(camouflage 1), (gelatinous body 1), (nimble swimmer 1), (tentacles)
a: End Transformation, Renounce Religion


You were on level 5 of the Dungeon.
You worshipped Ashenzari.
Ashenzari was noncommittal.
You were a creature of crystalline ice.
You visited 2 branches of the dungeon, and saw 6 of its levels.

You collected 147 gold pieces.

Inventory:

Scrolls
 c - a scroll of silence
Potions
 a - 2 potions of haste
 b - 2 potions of brilliance {unknown}
 d - 2 potions of resistance {unknown}
 e - a potion of magic {unknown}
 f - a potion of mutation {unknown}
 g - a potion of cancellation {unknown}


   Skills:
 * Level 3.5 Fighting
 * Level 4.4 Dodging
 + Level 5.5 Unarmed Combat
 * Level 4.6 Spellcasting
 * Level 4.5 Transmutations
 + Level 2.0 Poison Magic


You had 6 spell levels left.
You knew the following spells:

 Your Spells              Type           Power      Damage    Failure   Level
a - Beastly Appendage     Tmut           38%        N/A       2%          1
b - Wereblood             Tmut           19%        N/A       3%          2
c - Spider Form           Tmut/Pois      15%        N/A       12%         3
d - Ice Form              Ice/Tmut       11%        N/A       50%         4

Your spell library contained the following spells:

 Spells                   Type           Power      Damage    Failure   Level
 Animate Skeleton         Necr           6%         N/A       16%         1
 Apportation              Tloc           6%         N/A       16%         1
 Magic Dart               Conj           12%        1d3       16%         1
 Summon Small Mammal      Summ           12%        N/A       16%         1
 Call Imp                 Summ           3%         N/A       22%         2
 Mephitic Cloud           Conj/Pois/Air  6%         N/A       34%         3
 Summon Ice Beast         Ice/Summ       3%         N/A       82%         4
 Summon Mana Viper        Hex/Summ       3%         N/A       99%         5
 Monstrous Menagerie      Summ           1%         N/A       100%        7


Dungeon Overview and Level Annotations

Branches:
Dungeon (5/15)             Temple (1/1) D:4

Altars:
Ashenzari
Cheibriados
Dithmenos
Elyvilon
Fedhas
Gozag
Hepliaklqana
Kikubaaqudgha
Makhleb
Nemelex Xobeh
Okawaru
Qazlal
Ru
Sif Muna
Trog
Vehumet
Wu Jian
Xom
Yredelemnul
Zin
The Shining One

Annotations:
D:4 1 runed translucent door, Crazy Yiuf


Innate Abilities, Weirdness & Mutations

You are a creature of crystalline ice.
You have a powerful freezing melee attack.
Your maximum health is increased.
Your armour is entirely melded.
You are incapable of wielding weapons or throwing items.
You cannot wear most types of armour.
You are amphibious.
You can wear up to eight rings at the same time.
((Your skin changes colour to match your surroundings (Stealth+).))
((Your rubbery body absorbs attacks. (AC +1, EV +1)))
((You are camouflaged when in or above water. (Stealth+)))
((You have tentacles for arms and can constrict up to eight enemies at once.))


Message History

The killer bee is severely wounded.
The killer bee stings you but does no damage.
The killer bee closely misses you.
Unknown command.
You hit the killer bee. You freeze the killer bee.
You feel a bit better.
You kill the killer bee!
The killer bee barely misses you. The centaur skeleton barely misses you.
The centaur skeleton kicks you but does no damage.
Your Poison Magic skill increases to level 2!
Unknown command.
Unknown command.
You hit the killer bee. You freeze the killer bee.
The killer bee is moderately wounded.
The killer bee closely misses you. The centaur skeleton misses you.
The centaur skeleton kicks you but does no damage.
The killer bee stings you.
* * * LOW HITPOINT WARNING * * *
Unknown command.
You barely miss the killer bee.
The killer bee is moderately wounded.
The killer bee stings you.
* * * LOW HITPOINT WARNING * * *
The centaur skeleton closely misses you.
The centaur skeleton kicks you.
* * * LOW HITPOINT WARNING * * *
You hit the killer bee. You freeze the killer bee.
The killer bee is severely wounded.
The killer bee closely misses you.
Unknown command.
You miss the killer bee.
The killer bee is severely wounded.
The centaur skeleton hits you but does no damage.
The centaur skeleton kicks you but does no damage.
The killer bee barely misses you.
Unknown command.
You hit the killer bee. You freeze the killer bee.
The killer bee is almost dead.
You howl as the wereblood boils in your veins!
The killer bee stings you.
You die...

... ...## ..#
...y yy[.##...
..... .........
...##......
....... #...# #
##..#.###.
##y........
#Y†.####... ##Z.#
#.... #..##...>.
##...#..#
#......# .
##.....##.....)#
##.<..........###
##..#.##.......#.
#......##........


You could see a killer bee and a centaur skeleton.

Vanquished Creatures
  Eustachio (D:4)
  Edmund (D:4)
  Duvessa (D:4)
  Pargi (D:3)
  A necrophage (D:4)
  3 ogres
  A scorpion (D:5)
  Dowan (D:4)
  3 killer bees (D:5)
  A jelly (D:4)
  An iguana (D:4)
  3 adders
  3 worms
  2 dart slugs
  An orc (D:4)
  6 ball pythons
  8 endoplasms
  4 giant cockroaches
  14 goblins
  9 hobgoblins
  7 kobolds
  3 quokkas
  2 bats (D:2)
  4 frilled lizards
  6 rats
87 creatures vanquished.

Notes
Turn   | Place    | Note
-------+----------+-------------------------------------------
     0 | D:1      | ytrimaz the Octopode Transmuter began the quest for the
                  | Orb.
     0 | D:1      | Reached XP level 1. HP: 13/13 MP: 3/3
   339 | D:1      | Reached XP level 2. HP: 18/18 MP: 3/5
  1236 | D:2      | Reached XP level 3. HP: 23/23 MP: 3/6
  1240 | D:2      | Learned a level 3 spell: Spider Form
  1243 | D:2      | Learned a level 2 spell: Wereblood
  2632 | D:2      | Reached XP level 4. HP: 26/28 MP: 7/7
  3571 | D:3      | Noticed Pargi
  3631 | D:3      | Killed Pargi
  3632 | D:3      | Reached XP level 5. HP: 5/34 MP: 0/9
  4289 | D:3      | Reached skill level 4 in Unarmed Combat
  4906 | D:4      | Noticed an ogre
  4908 | D:4      | Noticed Edmund
  4914 | D:4      | Killed an ogre
  4915 | D:4      | Reached XP level 6. HP: 41/41 MP: 6/10
  4930 | D:4      | Killed Edmund
  5179 | D:4      | Noticed Duvessa
  5281 | D:4      | Found a runed translucent door.
  5282 | D:4      | Noticed Crazy Yiuf
  5365 | D:4      | Noticed Eustachio
  5385 | D:4      | HP: 2/41 [Eustachio (5)]
  5390 | D:4      | Killed Eustachio
  5391 | D:4      | Reached skill level 1 in Poison Magic
  5391 | D:4      | Reached XP level 7. HP: 2/45 MP: 7/12
  5910 | D:4      | Found a staircase to the Ecumenical Temple.
  5933 | Temple   | Entered the Ecumenical Temple
  6268 | Temple   | Became a worshipper of Ashenzari the Shackled
  6430 | D:4      | Killed Duvessa
  6431 | D:4      | Reached skill level 5 in Unarmed Combat
  6431 | D:4      | Reached XP level 8. HP: 21/52 MP: 11/14
  6619 | D:4      | Noticed Dowan
  6630 | D:4      | Killed Dowan
  6860 | D:5      | Entered Level 5 of the Dungeon
  6870 | D:5      | Found a burning altar of Makhleb.
  7149 | D:5      | Learned a level 4 spell: Ice Form
  7169 | D:5      | HP: 3/62 [killer bee (2)]
  7172 | D:5      | Slain by a killer bee

Illustrated notes

Levels and vault maps discovered:
D:1:      lemuel_arrival_lava_pool, layout_basic, serial_park_tiny_pond
D:2:      minmay_door_path, layout_loops_corners, dk_vineyard_2
D:3:      layout_basic, minmay_goblin_kobold_house, uniq_pargi
D:4:      layout_basic, minmay_temple_entry_crystal_x, uniq_crazy_yiuf_cottage,
          uniq_edmund, uniq_eustachio, uniq_duvessa
D:5:      layout_cave_pools, nicolae_uskayaw_murder_on_the_dancefloor,
          bloody_makhleb, uniq_grinder, uniq_ijyb
Temple:   mainiacjoe_temple_cubbyholes

Skill      XL: |  1  2  3  4  5  6  7  8 |
---------------+-------------------------+-----
Fighting       | 2 3 |  3.5
Spellcasting   | 3 4 |  4.6
Transmutations | 3 4 |  4.5
Unarmed Combat | 4 5 |  5.5
Dodging        | 3 4 |  4.4
Poison Magic   | 1 2 |  2.0

Action                   |  1- 3 |  4- 6 |  7- 9 || total
-------------------------+-------+-------+-------++-------
Melee: Unarmed           |    84 |    85 |    78 ||   247
       Constrict         |    18 |    12 |     6 ||    36
       Tentacles         |    13 |     3 |     5 ||    21
       Kick              |    13 |     5 |     4 ||    22
       Punch             |     2 |       |     1 ||     3
 Cast: Beastly Appendage |    26 |    13 |     3 ||    42
       Spider Form       |     3 |     6 |     7 ||    16
       Ice Form          |       |       |     1 ||     1
       Wereblood         |       |       |     1 ||     1
  Use: Scroll            |     4 |     2 |       ||     6
       Potion            |     1 |     1 |     3 ||     5
 Stab: Sleeping          |     8 |     5 |       ||    13
Armor: Skin              |     9 |     4 |    23 ||    36
Dodge: Dodged            |    58 |    71 |    70 ||   199

Table legend: (Time is in decaauts)
 A = Elapsed time spent in this place.
 B = Non-inter-level travel time spent in this place.
 C = Inter-level travel time spent in this place.
 D = Time resting spent in this place.
 E = Time spent auto-exploring this place.
 F = Levels seen in this place.
 G = Mean time per level.
                   A        B        C        D        E       F      G
               +--------+--------+--------+--------+--------+-----+--------+
         Total |   7150 |   6950 |    200 |   1349 |   4587 |   6 | 1191.7 |
       Dungeon |   6797 |   6659 |    138 |   1349 |   4298 |   5 | 1359.4 |
        Temple |    353 |    291 |     62 |      0 |    289 |   1 |  353.0 |
               +--------+--------+--------+--------+--------+-----+--------+

Top non-repeatable levels by time:
     D:3: 1901 daAuts
     D:2: 1745 daAuts
     D:4: 1688 daAuts
     D:1: 1248 daAuts
  Temple: 353 daAuts
     D:5: 213 daAuts
